 Dungeon Crawl Stone Soup version 0.21-a0-125-gb006224 (webtiles) character file.

40188 namelastname112 the Cleaver (level 13, -4/101 HPs)
             Began as a Green Draconian Wanderer on July 15, 2017.
             Was an Elder of Kikubaaqudgha.
             Slain by a dire elephant (19 damage)
             ... on level 4 of the Lair of Beasts.
             The game lasted 00:37:48 (19656 turns).

namelastname112 the Cleaver (DrWn)                 Turns: 19656, Time: 00:37:49

Health: -4/101     AC: 12    Str: 16    XL:     13   Next: 73%
Magic:  8/34       EV: 19    Int: 16    God:    Kikubaaqudgha [****..]
Gold:   316        SH:  8    Dex: 21    Spells: 13/29 levels left

rFire    + . .     SeeInvis .   m - +9 demon whip of Discomfort {pain, rElec MR+ Str+2 Int+4}
rCold    . . .     Gourm    .   a - +2 buckler "Egih" {rF+ Dex+3}
rNeg     . . .     Faith    .   (armour unavailable)
rPois    +         Spirit   .   W - +0 hat {Int+3}
rElec    +         Reflect  .   o - +0 cloak
rCorr    .         Harm     .   (no gloves)
MR       +....     Rnd*Tele +   H - +2 pair of boots of the Assassin {Detection Stab+ Stlth++}
Stlth    ++++......             q - amulet of rage
HPRegen  0.00/turn              R - ring of magical power
MPRegen  0.24/turn              M - +2 ring of slaying

@: flying, regenerating, drained
A: breathe noxious fumes, unfitting armour, big wings, hooves 1, blurry vision
1, dopey 1, frail 1, poison resistance, inhibited regeneration, teleportitis 1,
cold-blooded, AC +8
a: Breathe Noxious Fumes, Stop Flying, Receive Corpses, Renounce Religion, Evoke
Berserk Rage


You were on level 4 of the Lair of Beasts.
You worshipped Kikubaaqudgha.
Kikubaaqudgha was greatly pleased with you.
You were hungry.

You visited 3 branches of the dungeon, and saw 17 of its levels.
You also visited: Bailey and Ice Cave.

You collected 1086 gold pieces.
You spent 770 gold pieces at shops.

Inventory:

Hand Weapons
 m - the +9 demon whip of Discomfort (weapon) {pain, rElec MR+ Str+2 Int+4}
   (You bought it in a shop on level 8 of the Dungeon)

   In the hands of one skilled in necromantic magic, it inflicts extra damage on
   living creatures.
   It affects your strength (+2).
   It affects your intelligence (+4).
   It insulates you from electricity.
   It affects your resistance to hostile enchantments.
Missiles
 c - 192 bolts
 y - 3 throwing nets (quivered)
Armour
 a - the +2 buckler "Egih" (worn) {rF+ Dex+3}
   (You acquired it on level 1 of the Lair of Beasts)

   It affects your dexterity (+3).
   It protects you from fire.
 o - a +0 cloak (worn)
 H - the +2 pair of boots of the Assassin (worn) {Detection Stab+ Stlth++}
   (You found it in an ice cave)

   It makes you much more stealthy.
 W - a +0 hat of intelligence (worn)
Jewellery
 q - an amulet of rage (around neck)
 C - an uncursed ring of positive energy
 M - a +2 ring of slaying (right hand)
 Q - an uncursed ring of resist corrosion
 R - a ring of magical power (left hand)
Wands
 s - a wand of paralysis (15/24)
 u - a wand of scattershot (6/9)
 E - a wand of random effects (10/48)
 J - a wand of scattershot (3/9)
 K - a wand of confusion (27/48)
 P - a wand of confusion (24/48)
Scrolls
 b - a scroll of amnesia
 g - 3 scrolls of magic mapping
 h - 2 scrolls of blinking
 i - 6 scrolls of enchant armour
 j - 4 scrolls of identify
 n - 2 scrolls of remove curse
 r - 4 scrolls of teleportation
 t - 8 scrolls of enchant weapon
 F - a scroll of holy word {unknown}
 G - a scroll of summoning
 N - 2 scrolls of recharging
 X - a scroll of fear
Potions
 d - 2 potions of lignification
 e - 2 potions of haste
 l - 3 potions of curing
 v - a potion of invisibility
 w - a potion of brilliance
 z - a potion of cancellation
 A - 2 potions of might
 B - a potion of ambrosia
 D - 2 potions of flight
Books
 x - a book of Cantrips

   Spells                             Type                      Level
   a - Confusing Touch                Hexes                        1
   b - Animate Skeleton               Necromancy                   1
   c - Summon Small Mammal            Summoning                    1
   d - Apportation                    Translocation                1
 I - a book of Conjurations

   Spells                             Type                      Level
   a - Magic Dart                     Conjuration                  1
   b - Searing Ray                    Conjuration                  2
   c - Dazzling Spray                 Conjuration/Hexes            3
   d - Fulminant Prism                Conjuration/Hexes            4
   e - Force Lance                    Conjuration/Translocation    4
   f - Iskenderun's Mystic Blast      Conjuration                  4
 S - Kikubaaqudgha's Guide on Evil Rites
   (Kikubaaqudgha gifted it to you on level 11 of the Dungeon)

   Spells                             Type                      Level
   a - Animate Skeleton               Necromancy                   1
   b - Corpse Rot                     Necromancy                   2
   c - Sublimation of Blood           Necromancy                   2
   d - Vampiric Draining              Necromancy                   3
   e - Control Undead                 Necromancy                   4
 T - Kikubaaqudgha's Handbook of Dark Rituals
   (Kikubaaqudgha gifted it to you on level 10 of the Dungeon)

   Spells                             Type                      Level
   a - Excruciating Wounds            Charms/Necromancy            5
   b - Agony                          Necromancy                   5
   c - Cigotuvi's Embrace             Necromancy                   5
   d - Dispel Undead                  Necromancy                   5
   e - Simulacrum                     Ice/Necromancy               6
 U - a book of Necromancy

   Spells                             Type                      Level
   a - Pain                           Necromancy                   1
   b - Animate Skeleton               Necromancy                   1
   c - Vampiric Draining              Necromancy                   3
   d - Regeneration                   Charms/Necromancy            3
   e - Animate Dead                   Necromancy                   4
   f - Control Undead                 Necromancy                   4
Comestibles
 f - 10 bread rations
 k - 12 meat rations
 p - 10 chunks of flesh
 V - 10 fruits
 Y - 3 royal jellies


   Skills:
 + Level 10.2(9.7) Fighting
   Level 10.3(10.5) Axes
 - Level 6.3(8.7) Maces & Flails
   Level 9.8(9.3) Crossbows
 + Level 8.4(7.9) Dodging
 - Level 1.0(0.6) Stealth
 - Level 4.4(4.0) Shields
 + Level 8.5(8.1) Spellcasting
 * Level 9.7(9.2) Necromancy


You had 13 spell levels left.
You knew the following spells:

 Your Spells              Type           Power        Failure   Level  Hunger
a - Animate Skeleton      Necr           N/A          1%          1    None
b - Animate Dead          Necr           N/A          2%          4    ####...
c - Dispel Undead         Necr           #####...     7%          5    #####..
d - Regeneration          Chrm/Necr      ###.......   4%          3    ##.....
x - Vampiric Draining     Necr           #####.....   1%          3    ##.....


Dungeon Overview and Level Annotations

Branches:
Dungeon (12/15)            Temple (1/1) D:5            Lair (4/6) D:10
 Shoals (0/4) Lair:3       Spider (0/4) Lair:2          Orc (0/2) D:11

Altars:
Ashenzari
Cheibriados
Dithmenos
Elyvilon
Fedhas
Gozag
Hepliaklqana
Kikubaaqudgha
Makhleb
Nemelex Xobeh
Okawaru
Qazlal
Ru
Sif Muna
Trog
Uskayaw
Vehumet
Wu Jian
Xom
Yredelemnul
Zin
The Shining One

Shops:
D:7 %   D:8 *


Innate Abilities, Weirdness & Mutations

You can breathe blasts of noxious fumes.
Your lurid green scales are hard. (AC +8)
You cannot fit into any form of body armour.
Your system is resistant to poisons. (rPois)
You are cold-blooded and may be slowed by cold attacks.
Your large and strong wings let you fly indefinitely.
You have large cloven feet.
Scrolls take you a little longer to read.
You are dopey. (Int -2)
You are frail. (-10% HP)
You do not regenerate when monsters are visible.
You are occasionally teleported next to monsters.


Message History

You feel life coursing into your body.
You regained 5 hp, and now have 43/101 hp.
You now have 5/34 mp.
The elephant closely misses you. The elephant trunk-slaps you.
You take 4 damage, and have 39/101 hp.
You thrash the elephant!!
You kill the elephant!
Kikubaaqudgha accepts your kill. The dire elephant tramples you!!
* * * LOW HITPOINT WARNING * * *
You are shoved backwards!
Found 12 poisoned needles.
Found a stone staircase leading down.
You take 24 damage, and have 15/101 hp.
MASSIVE DAMAGE!!
Found an escape hatch in the ceiling.
Found a bread ration.
There is an escape hatch in the ceiling here.
The dire elephant tramples you!!
You die...
Xom laughs nastily!
Kikubaaqudgha rasps: "You have failed me!
Welcome... death!"

#.......#### #P..
##..........## ##...
#............# #....
#...>.......####...
##......(....###...
#.........!.# #....
##..........###....
##.#......Y.....###...
#%...@YYY..Y......)...
#............)..#†##...
#####...........####...
#..#.......#(# ##..
#####.#...#### .##
##.##.# ## # ######


You could see a dire elephant and 4 elephants.

Vanquished Creatures
  Gastronok (D:12)
  The ghost of Gorglomux the Grappler, a journeyman HOTm of Cheibriados (D:10)
  The ghost of Monsterracer the Destroyer, a journeyman DEFE of Vehumet (Lair:3)
  Erolcha (D:12)
  2 hydras (Lair:3)
  A death knight (D:12)
  6 two-headed ogres
  A centaur warrior (D:11)
  Sonja (Lair:2)
  An ugly thing (D:12)
  3 orc knights (Bailey)
  8 elephants (Lair:4)
  2 centaur zombies
  2 black mambas
  Psyche (D:12)
  A gargoyle (D:10)
  5 spiny frogs
  A centaur skeleton (D:9)
  2 rime drakes (Lair:2)
  4 komodo dragons
  7 ice devils (IceCv)
  A merfolk (D:11)
  5 trolls
  A snapping turtle (Lair:3)
  6 hippogriffs
  2 redbacks (Lair:2)
  A spriggan (Lair:4)
  A shadow (D:12)
  3 wraiths
  Sigmund (D:6)
  25 yaks
  A wyvern (D:11)
  A vampire (D:10)
  A basilisk (Lair:3)
  3 hungry ghosts
  A steam dragon (Lair:3)
  4 water moccasins
  5 porcupines
  2 black bears
  2 sky beasts
  11 orc warriors
  11 ice beasts
  2 phantoms
  3 ogres
  6 centaurs
  4 crocodiles
  A big kobold (D:12)
  5 bullfrogs
  2 scorpions
  22 killer bees (D:10)
  3 electric eels (Lair:3)
  5 wights (D:6)
  5 crimson imps
  3 howler monkeys
  2 bullfrog zombies
  A quasit (D:11)
  3 hounds
  3 jellies
  8 orc wizards
  9 orc priests
  2 iguanas
  A bullfrog skeleton (D:6)
  Jessica (D:2)
  Terence (D:2)
  11 worker ants
  4 hell rats
  A killer bee zombie (D:6)
  A hound skeleton (D:9)
  A worker ant zombie (D:11)
  9 gnolls
  14 adders
  4 shadow imps
  6 white imps (IceCv)
  10 ufetubi (IceCv)
  An ooze (D:5)
  An adder skeleton (D:7)
  An adder zombie (D:9)
  5 worms
  A dart slug (D:3)
  4 leopard geckos
  55 orcs
  3 giant cockroaches
  2 goblins (D:1)
  5 hobgoblins
  6 jackals
  10 kobolds
  4 quokkas
  2 ball pythons
  3 bats
  5 frilled lizards
  8 rats
  A fungus (D:1)
410 creatures vanquished.

Vanquished Creatures (collateral kills)
  An orc knight (Bailey)
  A queen bee (D:10)
  An ice beast (Lair:1)
  2 killer bees (D:10)
  2 hell rats (Lair:3)
  An orc (Bailey)
  A fungus (Lair:2)
9 creatures vanquished.

Vanquished Creatures (others)
  A reaper (IceCv)
  3 white imps (IceCv)
  An ufetubus (IceCv)
  16 fungi
21 creatures vanquished.

Grand Total: 440 creatures vanquished

Notes
Turn   | Place    | Note
-------+----------+-------------------------------------------
     0 | D:1      | namelastname112 the Draconian Wanderer began the quest for the Orb.
     0 | D:1      | namelastname112 set off with: a +2 hand axe, a +0 hand crossbow, 25 bolts, a potion of lignification, a bread ration
     0 | D:1      | Reached XP level 1. HP: 19/19 MP: 1/1
   395 | D:1      | Reached XP level 2. HP: 19/26 MP: 2/2
  1095 | D:2      | Noticed Jessica
  1107 | D:2      | Killed Jessica
  1107 | D:2      | Reached XP level 3. HP: 12/33 MP: 3/3
  1340 | D:2      | Noticed Terence
  1352 | D:2      | Killed Terence
  1352 | D:2      | Reached skill level 1 in Dodging
  1352 | D:2      | Reached XP level 4. HP: 23/40 MP: 4/4
  2507 | D:3      | Found a sacrificial altar of Ru.
  2757 | D:4      | Noticed an ogre
  2768 | D:4      | Killed an ogre
  2768 | D:4      | Reached XP level 5. HP: 5/46 MP: 5/5
  2768 | D:4      | HP: 2/46 [adder (4)]
  3107 | D:4      | Got an encrusted spear
  3108 | D:4      | Identified the +6 spear of Discomfort {antimagic, rC+ Int+8} (You found it on level 4 of the Dungeon)
  3393 | D:4      | Reached XP level 6. HP: 37/52 MP: 2/6
  3967 | D:4      | Found an ancient bone altar of Kikubaaqudgha.
  4233 | D:4      | Your scales start taking on a lurid green colour.
  4233 | D:4      | Reached XP level 7. HP: 28/60 MP: 2/7
  4233 | D:4      | Gained mutation: Your system is resistant to poisons. (rPois) [Green Draconian growth]
  4559 | D:5      | Entered Level 5 of the Dungeon
  4636 | D:5      | Found a white marble altar of Elyvilon.
  4639 | D:5      | Found a shadowy altar of Dithmenos.
  4711 | D:5      | Reached skill level 5 in Axes
  4920 | D:5      | Reached skill level 5 in Fighting
  4959 | D:5      | Reached skill level 5 in Crossbows
  5111 | D:5      | Found a staircase to the Ecumenical Temple.
  5121 | Temple   | Entered the Ecumenical Temple
  5173 | Temple   | Became a worshipper of Xom of Unknown Intention
  5187 | D:5      | Found a snail-covered altar of Cheibriados.
  5393 | D:5      | XOM: harmless Hex miscast
  5619 | D:6      | Noticed Sigmund
  5629 | D:6      | Killed Sigmund
  5629 | D:6      | Reached XP level 8. HP: 58/68 MP: 2/8
  5725 | D:6      | Gained mutation: You are resistant to electric shocks. (rElec) [mutagenic meat]
  5726 | D:6      | Gained mutation: You have a pair of small horns on your head. [mutagenic meat]
  5727 | D:6      | Gained mutation: You are dopey. (Int -2) [mutagenic meat]
  5728 | D:6      | Gained mutation: You possess an exceptional clarity of mind. [mutagenic meat]
  6053 | D:6      | XOM: harmless Conj miscast
  6727 | D:7      | Found a flagged portal.
  6736 | Bailey   | Entered a bailey
  7408 | Bailey   | XOM: blink monster(s)
  7422 | Bailey   | XOM: summons 8 friendly demons
  7451 | Bailey   | XOM: scenery: 1 doors close
  7455 | Bailey   | Reached XP level 9. HP: 41/75 MP: 3/9
  7462 | Bailey   | XOM: mild Chrm miscast
  7560 | Bailey   | XOM: noise
  7657 | Bailey   | Lost mutation: You are dopey. (Int -2) [potion of mutation]
  7657 | Bailey   | Lost mutation: You possess an exceptional clarity of mind. [potion of mutation]
  7657 | Bailey   | Lost mutation: You have a pair of small horns on your head. [potion of mutation]
  7657 | Bailey   | Lost mutation: You are resistant to electric shocks. (rElec) [potion of mutation]
  7657 | Bailey   | Gained mutation: You do not regenerate when monsters are visible. [potion of mutation]
  7657 | Bailey   | Gained mutation: You have a pair of small horns on your head. [potion of mutation]
  7657 | Bailey   | Gained mutation: Your mind is acute. (Int +2) [potion of mutation]
  7657 | Bailey   | Gained mutation: You have large cloven feet. [potion of mutation]
  7661 | Bailey   | Reached XP level 10. HP: 88/88 MP: 3/10
  7668 | Bailey   | Noticed an orc knight
  7723 | Bailey   | Reached skill level 10 in Axes
  7727 | Bailey   | Noticed an orc knight
  7736 | Bailey   | XOM: confuse monster(s)
  7745 | Bailey   | Killed an orc knight
  7860 | Bailey   | XOM: medium Chrm miscast
  7949 | Bailey   | XOM: mild Fire miscast
  7950 | Bailey   | XOM: enchant monster (good)
  7959 | Bailey   | XOM: confuse monster(s)
  7992 | Bailey   | Noticed an orc knight
  7992 | Bailey   | Killed an orc knight
  8001 | Bailey   | XOM: noise
  8009 | Bailey   | XOM: divination: detect items
  8031 | Bailey   | Killed an orc knight
  8081 | Bailey   | Noticed an orc knight
  8086 | Bailey   | XOM: cleaving
  8089 | Bailey   | XOM: cast spell 'Summon Horrible Things'
  8108 | Bailey   | Killed an orc knight
  8346 | D:7      | Found Suyxzist's Food Boutique.
  8402 | D:7      | XOM: medium Tloc miscast
  8528 | D:7      | Found a blossoming altar of Fedhas.
  8810 | D:8      | XOM is BORED!
  8810 | D:8      | XOM: mild Ice miscast
  8833 | D:8      | Found Bobbumia's Assorted Antiques.
  8841 | D:8      | Bought an ichor-stained demon whip for 560 gold pieces
  8841 | D:8      | Identified the +9 demon whip of Discomfort {pain, rElec MR+ Str+2 Int+4} (You bought it in a shop on level 8 of the Dungeon)
  8898 | D:8      | Found a bloodstained altar of Trog.
  8900 | D:8      | Found an iron altar of Okawaru.
  8902 | D:8      | Found a basalt altar of Yredelemnul.
  8939 | D:8      | Reached skill level 1 in Maces & Flails
  8977 | D:8      | Found a glowing silver altar of Zin.
  9506 | D:4      | Fell from the grace of Xom
  9506 | D:4      | Became a worshipper of Kikubaaqudgha
  9952 | D:9      | Noticed a two-headed ogre
  9969 | D:9      | Killed a two-headed ogre
  9969 | D:9      | Reached XP level 11. HP: 92/95 MP: 11/11
 10011 | D:9      | XOM: scenery: 1 doors close
 10187 | D:10     | XOM: noise
 10187 | D:10     | Entered Level 10 of the Dungeon
 10271 | D:10     | Lost mutation: You have large cloven feet. [potion of mutation]
 10271 | D:10     | Lost mutation: Your mind is acute. (Int +2) [potion of mutation]
 10271 | D:10     | Lost mutation: You have a pair of small horns on your head. [potion of mutation]
 10271 | D:10     | Gained mutation: You are frail. (-10% HP) [potion of mutation]
 10271 | D:10     | Gained mutation: You have a pair of small horns on your head. [potion of mutation]
 10278 | D:10     | Noticed Gorglomux's ghost (journeyman HOTm)
 10295 | D:11     | Noticed a two-headed ogre
 10308 | D:11     | Killed a two-headed ogre
 10338 | D:11     | XOM: mild Chrm miscast
 10575 | D:11     | XOM: mild Necr miscast
 10803 | D:11     | Noticed a two-headed ogre
 10808 | D:11     | Killed a two-headed ogre
 10808 | D:11     | Reached skill level 5 in Maces & Flails
 10850 | D:11     | XOM: 2-stop teleportation journey
 10933 | D:11     | XOM: severe Summ miscast
 10940 | D:11     | Noticed a deep elf knight
 10940 | D:11     | Noticed a mana viper
 10942 | D:11     | Noticed a deep elf mage
 10942 | D:11     | Noticed a deep elf mage
 10942 | D:11     | Noticed a deep elf mage
 11137 | D:11     | Found a staircase to the Orcish Mines.
 11210 | D:11     | Reached skill level 1 in Spellcasting
 11210 | D:11     | Reached skill level 1 in Necromancy
 11223 | D:11     | XOM: give mutations
 11223 | D:11     | Gained mutation: You are dopey. (Int -2) [Xom's mischief]
 11735 | D:11     | XOM: summons 1 hostile demon
 11835 | D:11     | Noticed a two-headed ogre
 11843 | D:11     | Killed a two-headed ogre
 11892 | D:11     | Reached * piety under Kikubaaqudgha
 11892 | D:11     | Identified Kikubaaqudgha's Guide on Evil Rites (Kikubaaqudgha gifted it to you on level 11 of the Dungeon)
 11892 | D:11     | Received a gift from Kikubaaqudgha
 11909 | D:11     | Learned a level 3 spell: Vampiric Draining
 11950 | D:11     | Noticed a centaur warrior
 11958 | D:11     | Killed a centaur warrior
 12000 | D:11     | XOM: stat loss: -1 Dex (15/16)
 12140 | D:11     | XOM: medium Summ miscast
 12251 | D:11     | Lost mutation: You have a pair of small horns on your head. [mutagenic meat]
 12252 | D:11     | Gained mutation: Scrolls take you a little longer to read. [mutagenic meat]
 12253 | D:11     | Gained mutation: You are occasionally teleported next to monsters. [mutagenic meat]
 12254 | D:11     | Gained mutation: Your large and strong wings let you fly indefinitely. [mutagenic meat]
 12255 | D:11     | Gained mutation: You have large cloven feet. [mutagenic meat]
 12645 | D:12     | Noticed a two-headed ogre
 12668 | D:12     | Killed a two-headed ogre
 12812 | D:12     | Reached XP level 12. HP: 55/95 MP: 15/17
 13083 | D:12     | Noticed Gastronok
 13101 | D:12     | Killed Gastronok
 13115 | D:12     | Learned a level 3 spell: Regeneration
 13120 | D:12     | Learned a level 4 spell: Animate Dead
 13148 | D:12     | Noticed Psyche
 13151 | D:12     | Killed Psyche
 13174 | D:12     | Noticed Erolcha
 13188 | D:12     | Killed Erolcha
 13192 | D:12     | Learned a level 1 spell: Animate Skeleton
 13257 | D:12     | Reached skill level 5 in Necromancy
 13264 | D:12     | Reached skill level 5 in Spellcasting
 13294 | D:12     | Noticed a two-headed ogre
 13316 | D:12     | Killed a two-headed ogre
 13316 | D:12     | Reached ** piety under Kikubaaqudgha
 13375 | D:12     | Noticed a death knight
 13409 | D:12     | Killed a death knight
 13799 | D:12     | XOM: god gift: meat ration
 13881 | D:12     | XOM: noise
 14098 | D:8      | Bought an embroidered cloak for 210 gold pieces
 14176 | D:10     | epen: Опа
 14187 | D:10     | epen: что это у нас тут
 14244 | D:10     | epen: ага
 14311 | D:10     | epen: драконы
 14642 | D:11     | XOM: medium Necr miscast
 14676 | D:10     | Reached *** piety under Kikubaaqudgha
 14676 | D:10     | Identified Kikubaaqudgha's Handbook of Dark Rituals (Kikubaaqudgha gifted it to you on level 10 of the Dungeon)
 14676 | D:10     | Received a gift from Kikubaaqudgha
 14724 | D:10     | Learned a level 5 spell: Dispel Undead
 14748 | D:10     | XOM: noise
 14858 | D:10     | namelastname112: бля
 14858 | D:10     | namelastname112: сегодня без канала
 15170 | D:10     | Killed Gorglomux's ghost
 15367 | D:10     | Found a staircase to the Lair.
 15582 | Lair:1   | Entered Level 1 of the Lair of Beasts
 15589 | Lair:1   | namelastname112: f
 15589 | Lair:1   | namelastname112: а
 15589 | Lair:1   | namelastname112: я же обмутироваля
 15668 | Lair:1   | Found a frozen archway.
 15696 | IceCv    | Entered an ice cave
 15805 | IceCv    | Reached XP level 13. HP: 101/101 MP: 23/23
 15873 | IceCv    | Killed a reaper
 16014 | IceCv    | XOM: harmless Tloc miscast
 16049 | IceCv    | HP: 5/101 [ice devil (12)]
 16053 | IceCv    | XOM: silly message
 16076 | IceCv    | Reached **** piety under Kikubaaqudgha
 16427 | IceCv    | XOM: harmless Fire miscast
 16751 | IceCv    | XOM: silly message
 17385 | Lair:1   | Identified a scroll of acquirement
 17385 | Lair:1   | Got an ichor-stained buckler
 17386 | Lair:1   | epen: покажи-ка мне
 17391 | Lair:1   | Identified the +2 buckler "Egih" {rF+ Dex+3} (You acquired it on level 1 of the Lair of Beasts)
 17392 | Lair:1   | epen: где ты нашёл это хлыст
 17392 | Lair:1   | namelastname112: купил
 17392 | Lair:1   | namelastname112: лол
 17405 | Lair:1   | namelastname112: You bought it in a shop on level 8 of the Dungeon.
 17405 | Lair:1   | epen: ммм
 17405 | Lair:1   | epen: д8
 17495 | Lair:2   | Noticed Sonja
 17502 | Lair:2   | Killed Sonja
 17621 | Lair:2   | Found a hole to the Spider Nest.
 17835 | Lair:2   | XOM: harmless Air miscast
 17921 | Lair:2   | XOM: harmless Air miscast
 18153 | Lair:3   | Noticed Monsterracer's ghost (journeyman DEFE)
 18159 | Lair:3   | Killed Monsterracer's ghost
 18191 | Lair:3   | XOM: harmless Conj miscast
 18231 | Lair:3   | XOM: medium Necr miscast
 18311 | Lair:3   | XOM: noise
 18311 | Lair:3   | Was forgiven by Xom
 18586 | Lair:3   | Found a staircase to the Shoals.
 18913 | Lair:3   | Reached skill level 10 in Fighting
 19631 | Lair:4   | Noticed a dire elephant
 19656 | Lair:4   | Slain by a dire elephant

Vault maps used:
D:1:      arrival_zaba_pyramid, minmay_gold_behind_fungi
D:2:      minmay_domino_2, uniq_terence, uniq_jessica
D:3:      nicolae_ru_path_of_blood, first_bread, minmay_misc_feat_doors
D:4:      kiku_gazebo_pond_becter, minmay_cut_off
D:5:      nicolae_overflow_hidden_temple, slow_altar_2, temple_statues
D:6:      hangedman_decor_lopped, kennysheep_generic_room_12, uniq_sigmund
D:7:      nicolae_overflow_crystal_walls, enter_bailey_2, serial_shops, shop
D:8:      grunt_temple_overflow_open, lemuel_doored_altar, serial_shops, shop
D:10:     lair_entry_dummy, special_room
D:11:     nicolae_whirlpool, orc_0_dummy, hangedman_fish_farm, dk_noncrumbling_3
D:12:     uniq_psyche, uniq_gastronok, uniq_erolcha
Temple:   nicolae_temple_x_marks_the_god
Lair:1:   portal_ice_cave_entry_ice_beasts, st_stairs_7
Lair:2:   spider_nest_entry_webs, uniq_sonja
Lair:3:   minmay_shoals_entry_hut, nicolae_quartered_pool_super
Lair:4:   mu_elephants_graveyard
Bailey:   bailey_polearm_5, bailey
IceCv:    ice_cave_small_demon

Skill      XL: |  1  2  3  4  5  6  7  8  9 10 11 12 13 |
---------------+----------------------------------------+-----
Crossbows      | 3 4 5 6 9 |  9.8
Axes           | 3 4 5 7 9 10 | 10.3
Dodging        | 1 2 3 4 6 7 8 |  8.4
Fighting       | 4 5 6 8 9 10 | 10.2
Maces & Flails | 3 6 |  6.3
Spellcasting   | 3 6 8 |  8.5
Necromancy     | 3 7 9 |  9.7
Shields        | 3 4 |  4.4
Stealth        | |  1.0

Action                   |  1- 3 |  4- 6 |  7- 9 | 10-12 | 13-15 || total
-------------------------+-------+-------+-------+-------+-------++-------
Melee: Hand axe          |    62 |    79 |     9 |       |       ||   150
       Tailslap          |     9 |    17 |    25 |    68 |    47 ||   166
       Spear             |       |    76 |   266 |    21 |       ||   363
       Headbutt          |       |       |    18 |    43 |       ||    61
       Demon whip        |       |       |       |   488 |   230 ||   718
       Kick              |       |       |       |   108 |    17 ||   125
 Fire: Hand crossbow     |    11 |     8 |       |   112 |       ||   131
 Cast: Dispel Undead     |       |       |       |    10 |     3 ||    13
       Regeneration      |       |       |       |     9 |    23 ||    32
       Animate Skeleton  |       |       |       |     8 |     8 ||    16
       Vampiric Draining |       |       |       |     6 |     5 ||    11
       Animate Dead      |       |       |       |     4 |     3 ||     7
 Abil: Breathe Noxious F |       |       |     4 |    18 |     3 ||    25
       Evoke Berserk Rag |       |       |     3 |       |     1 ||     4
       Fly               |       |       |       |     1 |       ||     1
  Use: Potion            |       |     1 |     5 |     2 |     6 ||    14
       Scroll            |       |       |     9 |    14 |     9 ||    32
 Stab: Sleeping          |     2 |     7 |     6 |     6 |    12 ||    33
       Confused          |       |       |     3 |     7 |     2 ||    12
       Distracted        |       |       |     1 |     1 |     1 ||     3
  Eat: Chunk             |     1 |     9 |    19 |    32 |     5 ||    66
       Fruit             |       |       |     1 |       |       ||     1
       Meat ration       |       |       |       |     1 |       ||     1
       Royal jelly       |       |       |       |     3 |     6 ||     9
Armor: Skin              |    16 |    41 |   111 |    87 |    50 ||   305
Dodge: Dodged            |    21 |    66 |   180 |   301 |   170 ||   738
Block: Buckler           |       |       |       |       |    65 ||    65
